 Dungeon Crawl Stone Soup version 0.23-a0-180-ga5275e7 (webtiles) character file.

4867 Inarius the Fighter (level 10, -4/83 HPs)
             Began as a Mummy Fighter on Sept 18, 2018.
             Was an Initiate of Gozag.
             Slain by a fire elemental (7 damage)
             ... summoned by a deep elf mage
             ... on level 9 of the Dungeon.
             The game lasted 00:16:40 (8609 turns).

Inarius the Fighter (Mummy Fighter)                 Turns: 8609, Time: 00:16:42

Health: -4/83      AC: 20    Str: 22    XL:     10   Next: 26%
Magic:  10/10      EV:  8    Int:  8    God:    Gozag
Gold:   691        SH: 11    Dex: 12    Spells: 9/9 levels left

rFire    x . .     SeeInvis .   x - +7 scimitar (flame)
rCold    + . .     Gourm    .   c - +0 shield
rNeg     + + +     Faith    .   l - +0 plate armour
rPois    ∞         Spirit   .   (no helmet)
rElec    .         Reflect  .   g - +2 cloak {rPois}
rCorr    .         Harm     .   y - +1 pair of gloves
MR       +....                  t - +0 pair of boots
Stlth    ..........             (no amulet)
HPRegen  0.23/turn              e - +2 ring of evasion
MPRegen  0.12/turn              s - +1 ring of evasion

@: no status effects
A: no food or potions, fire vulnerability, cold resistance 1, negative energy
resistance 3, torment resistance, unbreathing
a: Potion Petition, Call Merchant, Bribe Branch, Renounce Religion


You were on level 9 of the Dungeon.
You worshipped Gozag.
Gozag was pleased with you.
You were not hungry.

You visited 2 branches of the dungeon, and saw 10 of its levels.
You also visited: Ossuary.

You collected 840 gold pieces.
You paid 149 gold pieces to Gozag.

Inventory:

Hand Weapons
 a - a +0 war axe
 b - a +2 dagger of chaos
 k - a +2 dagger of draining
 r - a +3 spear of chaos
 x - a +7 scimitar of flaming (weapon)
Missiles
 u - 7 tomahawks of returning (quivered)
Armour
 c - a +0 shield (worn)
 g - a +2 cloak of poison resistance (worn)
 l - a +0 plate armour (worn)
 t - a +0 pair of boots (worn)
 y - a +1 pair of gloves (worn)
Jewellery
 e - a +2 ring of evasion (left hand)
 h - an uncursed ring of protection from cold
 n - an uncursed ring of protection from cold
 s - a +1 ring of evasion (right hand)
Wands
 j - a wand of polymorph (11)
 v - a wand of disintegration (11)
 C - a wand of acid (10)
 D - a wand of flame (31)
Scrolls
 d - a scroll of noise
 f - 2 scrolls of enchant armour
 i - 6 scrolls of remove curse
 o - 3 scrolls of blinking
 p - 5 scrolls of immolation
 q - a scroll of fear
 w - a scroll of teleportation
 z - 3 scrolls of fog
 A - 2 scrolls of identify
 B - a scroll of amnesia {unknown}


   Skills:
 * Level 9.4 Fighting
 + Level 2.5 Long Blades
 - Level 1.5 Axes
 + Level 1.2 Throwing
 + Level 6.9 Armour
 + Level 7.7 Shields


You had 9 spell levels left.
You didn't know any spells.
Your spell library contained the following spells:

 Spells                   Type           Power        Failure   Level  Hunger
 Corona                   Hex            #......      100%        1    N/A
 Ensorcelled Hibernation  Hex/Ice        #.....       100%        2    N/A
 Sticks to Snakes         Tmut           #.......     100%        2    N/A
 Confuse                  Hex            #.......     100%        3    N/A
 Dazzling Spray           Conj/Hex       #.....       100%        3    N/A
 Tukima's Dance           Hex            #.......     100%        3    N/A
 Beastly Appendage        Tmut           Unusable     N/A         1    N/A
 Spider Form              Tmut/Pois      Unusable     N/A         3    N/A
 Ice Form                 Ice/Tmut       Unusable     N/A         4    N/A
 Blade Hands              Tmut           Unusable     N/A         5    N/A

Dungeon Overview and Level Annotations

Branches:
Dungeon (9/15)             Temple (1/1) D:7
   Lair: D:8-11         Orc: D:9-12

Altars:
Dithmenos
Elyvilon
Fedhas
Gozag
Hepliaklqana
Kikubaaqudgha
Makhleb
Qazlal
Ru
Sif Muna
Trog
Uskayaw
Vehumet
Xom
Yredelemnul
Zin
Beogh

Annotations:
D:4 1 runed door, Tovarisch's ghost, amateur OpFE
D:7 2 transporters, 3 runed doors, Arum's ghost, journeyman FoGl


Innate Abilities, Weirdness & Mutations

You do not eat or drink.
Your flesh is vulnerable to fire.
You are immune to poison.
Your flesh is cold resistant. (rC+)
You are immune to negative energy. (rN+++)
You are immune to unholy pain and torment.
You can survive without breathing.


Message History

You hit the deep elf mage. You burn the deep elf mage.
The deep elf mage is severely wounded.
The fire elemental hits you. The fire elemental burns you!
The fire burns you terribly!
* * * LOW HITPOINT WARNING * * *
The deep elf mage hits you but does no damage.
You block the fire elemental's attack.
You hit the deep elf mage. You burn the deep elf mage.
The deep elf mage is almost dead.
You block the fire elemental's attack. The fire elemental hits you.
The fire elemental burns you!
* * * LOW HITPOINT WARNING * * *
The fire elemental hits you. The fire elemental burns you!
The fire burns you terribly!
* * * LOW HITPOINT WARNING * * *
The deep elf mage completely misses you.
You block the fire elemental's attack. The fire elemental hits you.
The fire elemental burns you! The fire burns you terribly!
You die...
Your body crumbles into a pile of gold.

#.........####'##...##
####.......#...##...#.
#.......+........+.
#.......#........#.
#.......#........#.
#+####.......#........#.
..........?..#...##...#
.......E.....#...##...#
.......@E....#........#
.......Ee§...#... ....#
........§§...#
..........§..#
.........#+###
.........# .........#
.........#


You could see a deep elf mage and 3 fire elementals.

Vanquished Creatures
  Erica (D:8)
  Psyche (D:8)
  2 hippogriffs (D:7)
  A water moccasin (D:8)
  2 orc warriors (D:8)
  A phantom (D:9)
  A sky beast (D:8)
  3 ice beasts
  3 ogres
  3 centaurs
  A big kobold (D:8)
  3 bullfrogs
  A gnoll sergeant (D:5)
  3 scorpions
  8 killer bees
  3 centaur zombies
  A crimson imp (D:5)
  A quasit (D:9)
  A bullfrog zombie (D:5)
  3 human zombies (Ossuary)
  A jelly (D:5)
  2 hounds (D:8)
  2 orc wizards
  3 gnoll shamans
  9 orc priests
  Jessica (D:2)
  2 worker ants (D:5)
  2 iguanas
  2 big kobold zombies (Ossuary)
  A hound zombie (Ossuary)
  A hound skeleton (D:7)
  3 mummies (Ossuary)
  21 gnolls
  8 adders
  2 shadow imps
  An ooze (D:1)
  3 adder skeletons
  3 adder zombies (Ossuary)
  3 worms
  4 dart slugs
  A leopard gecko (D:8)
  40 orcs
  7 bats
  5 giant cockroaches
  5 goblins
  9 hobgoblins
  14 jackals
  2 quokkas
  A ball python (D:2)
  13 frilled lizards
  A gnoll zombie (Ossuary)
  4 goblin zombies (Ossuary)
  5 hobgoblin zombies (Ossuary)
  6 jackal zombies (Ossuary)
  8 kobolds
  3 kobold zombies (Ossuary)
  A leopard gecko skeleton (D:4)
  An orc zombie (Ossuary)
  3 quokka zombies (Ossuary)
  6 rats
  3 rat zombies (Ossuary)
255 creatures vanquished.

Notes
Turn   | Place    | Note
-------+----------+-------------------------------------------
     0 | D:1      | Inarius the Mummy Fighter began the quest for the Orb.
     0 | D:1      | Reached XP level 1. HP: 18/18 MP: 1/1
   237 | D:1      | Reached XP level 2. HP: 22/24 MP: 2/2
   552 | D:1      | Reached XP level 3. HP: 10/30 MP: 3/3
  1063 | D:2      | Noticed Jessica
  1069 | D:2      | Killed Jessica
  1069 | D:2      | Reached skill level 4 in Fighting
  1069 | D:2      | Reached XP level 4. HP: 33/37 MP: 4/4
  2064 | D:3      | Reached XP level 5. HP: 37/43 MP: 5/5
  2307 | D:4      | Noticed Tovarisch's ghost (amateur OpFE)
  2415 | D:4      | Found a shimmering altar of Xom.
  2607 | D:4      | Found a white marble altar of Elyvilon.
  2698 | D:4      | Found a runed door.
  2758 | D:5      | Entered Level 5 of the Dungeon
  2777 | D:5      | Found a sand-covered staircase.
  2786 | Ossuary  | Entered an ossuary
  2798 | Ossuary  | Reached skill level 5 in Fighting
  2834 | Ossuary  | Reached XP level 6. HP: 51/51 MP: 6/6
  3258 | Ossuary  | Reached XP level 7. HP: 56/56 MP: 7/7
  3677 | D:5      | Reached skill level 6 in Fighting
  4147 | D:4      | Reached XP level 8. HP: 65/65 MP: 8/8
  4210 | D:5      | Reached skill level 5 in Armour
  4379 | D:5      | Reached skill level 5 in Shields
  4733 | D:6      | Found a basalt altar of Yredelemnul.
  4742 | D:6      | Found a sacrificial altar of Ru.
  4742 | D:6      | Found a shadowy altar of Dithmenos.
  4743 | D:6      | Found an ancient bone altar of Kikubaaqudgha.
  4743 | D:6      | Found a glowing silver altar of Zin.
  4744 | D:6      | Found a radiant altar of Vehumet.
  4832 | D:6      | Found a bloodstained altar of Trog.
  4968 | D:6      | Reached skill level 7 in Fighting
  5217 | D:6      | Found a stormy altar of Qazlal.
  6045 | D:7      | Found a transporter.
  6067 | D:7      | Noticed a hippogriff
  6068 | D:7      | Noticed a hornet
  6069 | D:7      | Noticed a kobold demonologist
  6071 | D:7      | Found a transporter.
  6177 | D:7      | Found a staircase to the Ecumenical Temple.
  6211 | D:7      | Found a hazy altar of Hepliaklqana.
  6271 | D:7      | Noticed a hippogriff
  6280 | D:7      | Reached XP level 9. HP: 67/73 MP: 9/9
  6310 | D:7      | Reached skill level 8 in Fighting
  6575 | D:7      | Found a runed gate.
  6576 | D:7      | Found a runed gate.
  6576 | D:7      | Found a runed gate.
  6580 | D:7      | Found a roughly hewn altar of Beogh.
  6580 | D:7      | Noticed Arum's ghost (journeyman FoGl)
  6656 | D:7      | Found a hide-covered altar of Uskayaw.
  6811 | Temple   | Entered the Ecumenical Temple
  6854 | Temple   | Became a worshipper of Gozag Ym Sagoz the Greedy
  6964 | D:8      | Noticed Erica
  7373 | D:8      | Killed Erica
  7373 | D:8      | Reached skill level 1 in Throwing
  7556 | D:8      | Noticed Psyche
  7566 | D:8      | Killed Psyche
  7566 | D:8      | Reached skill level 9 in Fighting
  7591 | D:8      | Reached XP level 10. HP: 28/83 MP: 10/10
  7946 | D:8      | Found a deep blue altar of Sif Muna.
  8025 | D:8      | Reached skill level 1 in Long Blades
  8597 | D:9      | Noticed a deep elf mage
  8609 | D:9      | HP: 3/83 [fire elemental[a deep elf mage] (12)]
  8609 | D:9      | Slain by a fire elemental

Vault maps used:
D:1:      dpeg_arrival_boxorama, minivault_19, st_stairs_1
D:2:      minmay_lizard_pond, uniq_jessica
D:4:      tgw_xom, lemuel_round_altar, hellmonk_ghost_happy_afterlife,
          first_ration
D:5:      nicolae_ossuary_entry_ruins, lightli_minifort
D:6:      kennysheep_mini, nicolae_qazlal_general_emergency, minitemple,
          serial_glass, glass_columns_b, glass_columns_a, glass_columns_a,
          glass_columns_b
D:7:      kennysheep_little_box, gammafunk_temple_overflow_arena, temple_green,
          biasface_ghost_orc_armoury
D:8:      kennysheep_mini_moat, blue_anna_alchemist, uniq_psyche, uniq_erica
D:9:      lair_entry_dummy, minmay_stone_trees_small
Temple:   nicolae_temple_figure_zero
Ossuary:  minmay_ossuary_two_tombs

Skill      XL: |  1  2  3  4  5  6  7  8  9 10 |
---------------+-------------------------------+-----
Fighting       | 4 5 6 7 9 |  9.4
Shields        | 3 4 6 7 |  7.7
Armour         | 3 4 5 6 |  6.9
Throwing       | 1 |  1.2
Long Blades    | 2 |  2.5
Axes           | |  1.5

Action                   |  1- 3 |  4- 6 |  7- 9 | 10-12 || total
-------------------------+-------+-------+-------+-------++-------
Melee: War axe           |    92 |   144 |       |       ||   236
       Dagger            |       |    45 |       |       ||    45
       Spear             |       |   173 |   466 |       ||   639
       Scimitar          |       |       |    25 |   110 ||   135
Throw: Tomahawk          |       |       |     9 |     3 ||    12
Evoke: Wand              |       |       |       |     1 ||     1
  Use: Scroll            |       |     7 |     5 |     4 ||    16
 Stab: Paralysed         |       |     7 |     2 |       ||     9
       Confused          |       |       |     3 |       ||     3
       Invisible         |       |       |     1 |       ||     1
       Petrifying        |       |       |     1 |       ||     1
       Petrified         |       |       |     1 |       ||     1
       Distracted        |       |       |       |     1 ||     1
Armor: Scale mail        |    50 |    96 |       |       ||   146
       Chain mail        |       |   105 |    10 |       ||   115
       Plate armour      |       |       |   262 |   112 ||   374
Dodge: Dodged            |    50 |   121 |   141 |    53 ||   365
Block: Shield            |    41 |   168 |   266 |   110 ||   585
       Rpst.: Scimitar   |       |       |     4 |    21 ||    25

Table legend:
 A = Non-vault XP
 B = Vault XP
 C = Vault XP percentage of total XP
 D = Non-vault monster count
 E = Vault monster count
 F = Vault count percentage of total count
                 A         B        C        D         E       F
            +---------+---------+-------+---------+---------+-------
      Total |    4899 |    2054 |  29.5 |     197 |      58 |  22.7
            +---------+---------+-------+---------+---------+-------
        D:1 |      46 |       9 |  16.4 |      19 |       2 |   9.5
        D:2 |      39 |      42 |  51.9 |      21 |       6 |  22.2
        D:3 |      85 |       0 |   0.0 |      22 |       0 |   0.0
        D:4 |     227 |      28 |  11.0 |      16 |       2 |  11.1
        D:5 |     764 |     139 |  15.4 |      33 |       5 |  13.2
        D:6 |     653 |       0 |   0.0 |      10 |       0 |   0.0
        D:7 |    1223 |       0 |   0.0 |      28 |       0 |   0.0
        D:8 |    1115 |    1438 |  56.3 |      34 |       3 |   8.1
        D:9 |     747 |       0 |   0.0 |      14 |       0 |   0.0
    Ossuary |       0 |     398 | 100.0 |       0 |      40 | 100.0
            +---------+---------+-------+---------+---------+-------
